 Dungeon Crawl Stone Soup version 0.28-a0-1286-g6bde065e89 (webtiles) character file.

Game seed: 17815385968341939837

1718 ReploidZero the Covert (level 9, -5/55 HPs)
             Began as a Kobold Brigand on Dec 27, 2021.
             Slain by a two-headed ogre (22 damage)
             ... on level 6 of the Dungeon.
             The game lasted 00:21:35 (6785 turns).

ReploidZero the Covert (Kobold Brigand)             Turns: 6785, Time: 00:21:39

Health: -5/55      AC:  5    Str:  8    XL:     9   Next: 24%
Magic:  9/9        EV: 24    Int: 12    God:
Gold:   152        SH:  0    Dex: 27    Spells: 8/8 levels left

rFire   . . .      SeeInvis .   a - +3 dagger
rCold   . . .      Faith    .   (shield restricted)
rNeg    . . .      Spirit   .   b - +0 robe
rPois   .          Reflect  .   (no helmet)
rElec   .          Harm     .   c - +1 cloak
rCorr   .          Rampage  .   f - +0 pair of gloves
Will    .....                   (no boots)
Stlth   ++++++....              (no amulet)
HPRegen 0.18/turn               i - +4 ring of evasion
MPRegen 0.11/turn               j - +6 ring of dexterity

@: no status effects
A: small, no large weapons, nightstalker 3
a: no special abilities


You were on level 6 of the Dungeon.
You visited 1 branch of the dungeon, and saw 6 of its levels.

You collected 218 gold pieces.
You spent 66 gold pieces at shops.

Inventory:

Hand Weapons
 a - a +3 dagger (weapon)
Missiles
 d - 23 poisoned darts (quivered)
 v - 2 throwing nets
Armour
 b - a +0 robe (worn)
 c - a +1 cloak (worn)
 f - a +0 pair of gloves (worn)
Jewellery
 h - an amulet of magic regeneration
 i - a +4 ring of evasion (left hand)
 j - a +6 ring of dexterity (right hand)
 k - a +4 ring of evasion
 n - a ring of wizardry
Wands
 e - a wand of mindburst (11)
 g - a wand of iceblast (10)
 t - a wand of polymorph (9)
 u - a wand of charming (9)
Scrolls
 l - 3 scrolls of enchant weapon
 m - 4 scrolls of teleportation
 q - a scroll of enchant armour
Potions
 o - a potion of mutation
 p - 2 potions of flight
 r - a potion of brilliance
 w - a potion of attraction
Miscellaneous
 x - a piece from Xom's chessboard (15/15)


   Skills:
 + Level 5.8 Fighting
 + Level 7.1 Short Blades
 - Level 2.1 Throwing
 + Level 6.0 Dodging
 * Level 11.4 Stealth


You had 8 spell levels left.
You didn't know any spells.
Your spell library contained the following spells:

 Spells                   Type           Power      Damage    Failure   Level
 Ensorcelled Hibernation  Hex/Ice        0%         N/A       45%         2
 Gell's Gravitas          Tloc           0%         N/A       69%         3
 Lesser Beckoning         Tloc           0%         N/A       69%         3
 Spider Form              Tmut/Pois      0%         N/A       69%         3
 Teleport Other           Tloc           0%         N/A       69%         3
 Hailstorm                Conj/Ice       0%         3d3       97%         4
 Ice Form                 Ice/Tmut       0%         N/A       97%         4
 Simulacrum               Ice/Necr       0%         N/A       100%        6


Dungeon Overview and Level Annotations

Branches:
Dungeon (6/15)
 Temple: D:4-7

Altars:
Gozag
Xom
Yredelemnul

Shops:
D:2 ?

Portals:
Abyss: D:4


Innate Abilities, Weirdness & Mutations

You are small and have problems with some larger weapons.
You are completely attuned to the shadows.


Message History

Okay, then.
Aiming: Iceblast
Press: ? - help, Shift-Dir - straight line, f/p - two-headed ogre
Aim: a two-headed ogre, wielding a +0 giant club and a +0 giant spiked club (lightly wounded)
The mass of ice explodes!
The iceblast engulfs the two-headed ogre!
The two-headed ogre is lightly wounded.
Aiming: Mindburst
Press: ? - help, Shift-Dir - straight line, f/p - two-headed ogre
Aim: a two-headed ogre, wielding a +0 giant club and a +0 giant spiked club (lightly wounded, chance to affect: 47%)
The two-headed ogre resists with some effort.
The two-headed ogre completely misses you. x2
Unknown command.
Aiming: Mindburst
Press: ? - help, Shift-Dir - straight line, f/p - two-headed ogre
Aim: a two-headed ogre, wielding a +0 giant club and a +0 giant spiked club (lightly wounded, chance to affect: 47%)
The two-headed ogre's minds are blasted!
Aiming: Mindburst
Press: ? - help, Shift-Dir - straight line, f/p - two-headed ogre
Aim: a two-headed ogre, wielding a +0 giant club and a +0 giant spiked club (moderately wounded, chance to affect: 47%)
The two-headed ogre's minds are blasted!!
The two-headed ogre hits you with a +0 giant club!!
The two-headed ogre closely misses you.
Aiming: Mindburst
Press: ? - help, Shift-Dir - straight line, f/p - two-headed ogre
Aim: a two-headed ogre, wielding a +0 giant club and a +0 giant spiked club (severely wounded, chance to affect: 47%)
The two-headed ogre resists with some effort.
The two-headed ogre closely misses you.
The two-headed ogre hits you with a +0 giant spiked club!!
Aiming: Iceblast
Press: ? - help, Shift-Dir - straight line, p - two-headed ogre
Okay, then.
Unknown command.
Aiming: Mindburst
Press: ? - help, Shift-Dir - straight line, f/p - two-headed ogre
Aim: a two-headed ogre, wielding a +0 giant club and a +0 giant spiked club (severely wounded, chance to affect: 47%)
The two-headed ogre resists with some effort.
The two-headed ogre completely misses you.
The two-headed ogre hits you with a +0 giant spiked club!!
You die...

...<.....#.....#.....#..⌠(.#.####
.........###.#####.#####.###.....
...............#.....#...........
#.########..#..#.....#.##..######
#......................##.##
#.######.###.#.#.....#....#
#.######.# #...#.....#...#####
......##.# ##..###.###...#...#
......##.# ##...@O.......#...####
......##.# #....#[#......'...'...
......##.###.#.>#.#......#...####
......'......#..#.#......#####
......##.#####..#.#......#
......##.##.....#.#......#
......##.##.##..#.###############
########.........................
#.......##..#################


You could see a two-headed ogre.

Vanquished Creatures
  A komodo dragon (D:6)
  The ghost of
  12572944 the Skirmisher, an amateur DjCA of Ignis (D:4)
  A water moccasin (D:6)
  A necrophage (D:6)
  3 ogres
  A phantom (D:4)
  A scorpion (D:5)
  A water moccasin skeleton (D:6)
  2 bullfrog zombies (D:5)
  A bullfrog skeleton (D:5)
  2 centaur skeletons
  3 hounds (D:6)
  A gnoll shaman (D:6)
  Terence (D:2)
  2 iguanas
  An orc wizard (D:6)
  A scorpion zombie (D:3)
  A hound zombie (D:5)
  4 adders
  8 gnolls
  A shadow imp (D:4)
  5 ufetubi
  3 worms
  2 dart slugs
  3 orcs (D:6)
  6 ball pythons
  4 bats
  4 endoplasms
  5 giant cockroaches
  4 goblins
  9 hobgoblins
  5 kobolds
  3 quokkas
  5 rats
96 creatures vanquished.

Notes
Turn   | Place    | Note
-------+----------+-------------------------------------------
     0 | D:1      | ReploidZero the Kobold Brigand began the quest for the Orb.
     0 | D:1      | Reached XP level 1. HP: 12/12 MP: 1/1
   248 | D:1      | Reached XP level 2. HP: 18/18 MP: 2/2
   909 | D:1      | Reached skill level 6 in Stealth
   909 | D:1      | Reached XP level 3. HP: 9/22 MP: 3/3
  1757 | D:2      | Found Leggayleadgh's Magic Scroll Boutique.
  1763 | D:2      | Bought a scroll of teleportation for 33 gold pieces
  1763 | D:2      | Bought a scroll of teleportation for 33 gold pieces
  1906 | D:2      | Found a faded altar of an unknown god.
  1925 | D:2      | Reached XP level 4. HP: 27/27 MP: 4/4
  2347 | D:2      | Noticed Terence
  2351 | D:2      | Killed Terence
  2485 | D:3      | Noticed an ogre
  2502 | D:3      | Killed an ogre
  2503 | D:3      | Reached skill level 7 in Stealth
  2503 | D:3      | Reached XP level 5. HP: 14/32 MP: 5/5
  2842 | D:3      | Reached XP level 6. HP: 37/37 MP: 6/6
  3348 | D:4      | Found a transporter.
  3364 | D:4      | Found a transporter.
  3639 | D:4      | Found a one-way gate to the infinite horrors of the Abyss.
  3639 | D:4      | Noticed 12572944's ghost (amateur DjCA)
  3642 | D:4      | Killed 12572944's ghost
  3643 | D:4      | Reached skill level 5 in Short Blades
  3643 | D:4      | Reached skill level 8 in Stealth
  3643 | D:4      | Reached XP level 7. HP: 43/43 MP: 7/7
  4032 | D:5      | Entered Level 5 of the Dungeon
  4246 | D:5      | Reached skill level 9 in Stealth
  4396 | D:5      | Reached XP level 8. HP: 48/48 MP: 8/8
  4460 | D:5      | Found an opulent altar of Gozag.
  4668 | D:5      | Found a shimmering altar of Xom.
  5010 | D:6      | Reached skill level 10 in Stealth
  5054 | D:6      | Found a basalt altar of Yredelemnul.
  5094 | D:6      | Reached skill level 5 in Dodging
  5106 | D:6      | Reached skill level 5 in Fighting
  5603 | D:6      | Noticed a two-headed ogre
  5914 | D:6      | Noticed a komodo dragon
  5921 | D:6      | Killed a komodo dragon
  5922 | D:6      | Reached skill level 11 in Stealth
  5922 | D:6      | Reached XP level 9. HP: 25/55 MP: 9/9
  6785 | D:6      | Slain by a two-headed ogre

Illustrated notes

Levels and vault maps discovered:
D:1:      matt_arrival_refuge, layout_loops_cross
D:2:      layout_loops_corners, serial_shops, shop,
          hellmonk_ecumenical_altar_zigzags, nicolae_figureground_pulse,
          uniq_terence
D:3:      layout_rooms, nicolae_overflow_hidden_temple
D:4:      layout_rooms, gammafunk_ghost_abyssal_escape, glass_columns_a,
          kennysheep_generic_room_4
D:5:      layout_basic, xom_butterflies, lemuel_coloured_pillars_altar,
          st_stairs_14
D:6:      layout_basic, mainiacjoe_overflow_six_doors_small,
          minmay_chambers_of_fives

Skill      XL: |  1  2  3  4  5  6  7  8  9 |
---------------+----------------------------+-----
Short Blades   | 3 4 5 6 7 |  7.1
Stealth        | 6 7 8 9 11 | 11.4
Dodging        | 2 3 4 5 6 |  6.0
Fighting       | 3 4 5 |  5.8
Throwing       | |  2.1

Action                   |  1- 3 |  4- 6 |  7- 9 || total
-------------------------+-------+-------+-------++-------
Melee: Dagger            |    80 |    96 |   228 ||   404
Throw: Dart              |     1 |     2 |    10 ||    13
Evoke: Wand              |       |       |    11 ||    11
  Use: Scroll            |     3 |     5 |     8 ||    16
       Potion            |       |       |     3 ||     3
 Stab: Sleeping          |    11 |    16 |    15 ||    42
       Distracted        |       |       |     2 ||     2
       Invisible         |       |       |     1 ||     1
Armor: Robe              |     5 |     9 |    10 ||    24
       Skin              |       |       |    22 ||    22
Dodge: Dodged            |    39 |    74 |   201 ||   314

Table legend: (Time is in decaauts)
 A = Elapsed time spent in this place.
 B = Non-inter-level travel time spent in this place.
 C = Inter-level travel time spent in this place.
 D = Time resting spent in this place.
 E = Time spent auto-exploring this place.
 F = Levels seen in this place.
 G = Mean time per level.
                   A        B        C        D        E       F      G
               +--------+--------+--------+--------+--------+-----+--------+
         Total |   6681 |   6484 |    197 |      0 |   5469 |   6 | 1113.5 |
       Dungeon |   6681 |   6484 |    197 |      0 |   5469 |   6 | 1113.5 |
               +--------+--------+--------+--------+--------+-----+--------+

Top non-repeatable levels by time:
     D:6: 1773 daAuts
     D:1: 1238 daAuts
     D:2: 1152 daAuts
     D:5: 914 daAuts
     D:4: 855 daAuts
     D:3: 746 daAuts
